 Dungeon Crawl Stone Soup version 0.30.1 (webtiles) character file.

Game seed: 18030728903928940878

7 javelincjr the Caller (level 1, 0/13 HPs)
             Began as a Demonspawn Summoner on July 6, 2023.
             Slain by a quokka (2 damage)
             ... on level 1 of the Dungeon.
             The game lasted 00:01:45 (300 turns).

javelincjr the Caller (Demonspawn Summoner)          Turns: 300, Time: 00:01:47

Health: 0/13       AC:  2    Str:  8    XL:     1   Next: 91%
Magic:  1/3        EV: 12    Int: 16    God:
Gold:   0          SH:  0    Dex: 13    Spells: 3/4 levels left

rFire   . . .        c - staff of cold
rCold   + . .        (no shield)
rNeg    . . .        a - +0 robe
rPois   .            (no helmet)
rElec   .            (no cloak)
rCorr   .            (no gloves)
SInv    .            (no boots)
Will    .....        (no amulet)
Stlth   ++           (no ring)
HPRegen 0.22/turn    (no ring)
MPRegen 0.08/turn

%: no passive effects
@: no status effects
A: no striking features
a: no special abilities


You were on level 1 of the Dungeon.
You visited 1 branch of the dungeon, and saw 1 of its levels.

Inventory:

Missiles
 d - 2 javelins
Armour
 a - a +0 robe (worn)
Magical Staves
 c - a staff of cold (weapon)
Scrolls
 f - a scroll of brand weapon {unknown}
Potions
 b - a potion of magic
 e - a potion of lignification {unknown}
 g - a potion of might {unknown}


   Skills:
 + Level 1.9 Dodging
 + Level 2.0 Stealth
 + Level 2.1 Spellcasting
 + Level 4.1 Summonings


You had 3 spell levels left.
You knew the following spells:

 Your Spells              Type           Power      Damage    Failure   Level
a - Summon Small Mammal   Summ           56%        N/A       3%          1

Your spell library contained the following spells:

 Spells                   Type           Power      Damage    Failure   Level
 Call Imp                 Summ           28%        N/A       6%          2
 Call Canine Familiar     Summ           14%        N/A       12%         3
 Summon Guardian Golem    Hex/Summ       8%         N/A       26%         3
 Summon Lightning Spire   Summ/Air       8%         N/A       65%         4


Dungeon Overview and Level Annotations

Branches:
Dungeon (1/15)

Altars:


Message History

Your quokka bites the ball python.
Your bat barely misses the ball python.
Your bat hits the ball python.
The ball python dies!
Your bat hits the hobgoblin. The hobgoblin hits your bat.
Your bat barely misses the hobgoblin.
The quokka closely misses your bat. The quokka bites your quokka.
The hobgoblin hits your quokka.
Your bat misses the hobgoblin. Your bat hits the hobgoblin.
Your bat barely misses the hobgoblin.
Your quokka misses the quokka.
The quokka bites your quokka but does no damage.
The hobgoblin misses your quokka.
Your bat hits the quokka but does no damage.
Your bat closely misses the hobgoblin.
Your quokka bites the quokka but does no damage.
The quokka bites your quokka.
Your quokka dies!
Your quokka's corpse disappears in a puff of smoke!
Your bat hits the quokka but does no damage.
You barely miss the hobgoblin.
The hobgoblin is heavily wounded.
Your bat hits the hobgoblin but does no damage.
The quokka bites your bat but does no damage.
Your bat barely misses the hobgoblin.
The hobgoblin hits you.
You hit the hobgoblin but do no damage.
The hobgoblin is heavily wounded.
Your bat closely misses the hobgoblin.
Your bat barely misses the hobgoblin.
The quokka closely misses your bat.
Your bat barely misses the hobgoblin.
The hobgoblin hits you.
Your bat barely misses the hobgoblin.
You closely miss the hobgoblin.
The hobgoblin is heavily wounded.
Your bat barely misses the hobgoblin.
The quokka bites you.
Your bat barely misses the hobgoblin.
The hobgoblin barely misses you.
You are too injured to fight recklessly!
You hit the hobgoblin.
You kill the hobgoblin!
Your bat closely misses the quokka.
Your bat barely misses the quokka.
The quokka bites you.
* * * LOW HITPOINT WARNING * * *
The quokka bites you.
You die...

##... ...# .... #..# #..#
#b.###.# #.†r...# #@# #.#
########### #.# #.........#
#.#####.#######.#
##...........# #.#
##########...####.###.###.#
#.............# #.........#
#.######....#.# #####.#####
###.#### ####...# #.#


You could see a quokka (ally target) and a friendly bat (summoned).

Vanquished Creatures
  A giant cockroach (D:1)
  A hobgoblin (D:1)
2 creatures vanquished.

Vanquished Creatures (collateral kills)
  2 endoplasms (D:1)
  A hobgoblin (D:1)
  A ball python (D:1)
  A bat (D:1)
  A frilled lizard (D:1)
6 creatures vanquished.

Grand Total: 8 creatures vanquished

Notes
Turn   | Place    | Note
-------+----------+-------------------------------------------
     0 | D:1      | javelincjr the Demonspawn Summoner began the quest for the
                  | Orb.
     0 | D:1      | Reached XP level 1. HP: 13/13 MP: 3/3
   300 | D:1      | Slain by a quokka

Illustrated notes

Levels and vault maps discovered:
D:1:      wheals_arrival_linesprint, layout_loops_corners

Skill      XL: |  1 |
---------------+----+-----
Stealth        | 2 |  2.0
Dodging        | |  1.9
Spellcasting   | |  2.1
Summonings     | |  4.1

Action                     || total
---------------------------++-------
  Melee: Staff             ||    17
         Unarmed           ||     2
   Cast: Summon Small Mamm ||    10
   Stab: Sleeping          ||     1
 Armour: Robe              ||     7
  Dodge: Dodged            ||    11
